 Dungeon Crawl Stone Soup version 0.22-a0-855-g415d086bb8 (webtiles) character file.

78101 PikkenKukken the Grappler (level 15, -10/143 HPs)
             Began as a Troll Monk on July 27, 2018.
             Was the Champion of Dithmenos.
             Mangled by a ten-headed hydra (13 damage)
             ... on level 6 of the Lair of Beasts.
             The game lasted 00:49:23 (13524 turns).

PikkenKukken the Grappler (Troll Monk)             Turns: 13524, Time: 00:49:25

Health: -10/143    AC:  6    Str: 23    XL:     15   Next: 17%
Magic:  20/20      EV: 15    Int:  6    God:    Dithmenos [******]
Gold:   951        SH: 13    Dex: 17    Spells: 14/14 levels left

rFire    + . .     SeeInvis .     - Unarmed
rCold    + . .     Gourm    +   x - +2 shield
rNeg     . . .     Faith    .   a - +1 robe
rPois    .         Spirit   .   (helmet restricted)
rElec    .         Reflect  .   u - scarf {rC+ rF+}
rCorr    .         Harm     .   (gloves unavailable)
MR       +....                  (boots unavailable)
Stlth    +++++++++.             g - amulet of regeneration
HPRegen  1.13/turn              n - ring of stealth
MPRegen  0.17/turn              L - ring of stealth

@: wreathed by umbra
A: large, unfitting armour, claws 3, horns 1, fast metabolism 3, gourmand,
regeneration 1, shaggy fur 1, tough skin 2, wild magic 1
a: Shadow Step, Shadow Form, Renounce Religion


You were on level 6 of the Lair of Beasts.
You worshipped Dithmenos.
Dithmenos was exalted by your worship.
You were full.

You visited 2 branches of the dungeon, and saw 16 of its levels.

You collected 1081 gold pieces.
You spent 130 gold pieces at shops.

Inventory:

Armour
 a - a +1 robe (worn)
 f - a +0 cloak
 u - a scarf of resistance (worn)
 x - a +2 shield (worn)
 E - a +0 large shield
Jewellery
 g - an amulet of regeneration (around neck)
 n - a ring of stealth (left claw)
 D - an uncursed amulet of guardian spirit
 H - an uncursed ring of protection from magic
 I - a +3 ring of strength
 K - an uncursed ring of magical power
 L - a ring of stealth (right claw)
Wands
 c - a wand of random effects (67)
 j - a wand of flame (18)
 p - a wand of scattershot (4)
 t - a wand of iceblast (10)
 F - a wand of polymorph (45)
 G - a wand of enslavement (10)
 O - a wand of disintegration (12)
Scrolls
 e - 3 scrolls of teleportation
 h - 4 scrolls of enchant armour
 i - 8 scrolls of enchant weapon
 l - 2 scrolls of identify
 r - 3 scrolls of fear
 s - 9 scrolls of remove curse
 v - 2 scrolls of amnesia
 y - 4 scrolls of magic mapping
 J - 3 scrolls of fog
Potions
 d - a potion of mutation
 k - 3 potions of curing
 m - 3 potions of lignification
 o - 3 potions of brilliance
 q - 3 potions of cancellation
 w - a potion of haste
 z - a potion of agility
 A - a potion of resistance
 C - a potion of ambrosia
 M - a potion of invisibility
Miscellaneous
 B - a phial of floods (inert)
Comestibles
 b - 21 rations


   Skills:
 + Level 8.2 Fighting
 + Level 8.9 Dodging
 + Level 6.5 Stealth
 + Level 8.2 Shields
 + Level 9.6 Unarmed Combat
 + Level 8.8 Invocations
 - Level 6.3 Evocations


You had 14 spell levels left.
You didn't know any spells.
Your spell library contained the following spells:

 Spells                   Type           Power        Failure   Level  Hunger
 Summon Ice Beast         Ice/Summ       #.......     100%        4    #####..
 Regeneration             Chrm/Necr      #.........   90%         3    ####...
 Stone Arrow              Conj/Erth      #.....       90%         3    ####...
 Spider Form              Tmut/Pois      #.........   90%         3    ####...
 Blade Hands              Tmut           #.........   100%        5    ######.
 Ice Form                 Ice/Tmut       #.......     100%        4    #####..
 Deflect Missiles         Chrm/Air       #.........   100%        6    #######
 Passwall                 Tmut/Erth      #.......     73%         2    ###....
 Sticks to Snakes         Tmut           #.......     73%         2    ###....
 Call Canine Familiar     Summ           #.......     90%         3    ####...
 Summon Butterflies       Summ           #.......     58%         1    ##.....
 Silence                  Hex/Air        #.........   100%        5    ######.
 Lee's Rapid Deconstruct  Erth           #.........   100%        5    ######.
 Sandblast                Erth           #.....       58%         1    ##.....
 Conjure Ball Lightning   Conj/Air       #.........   100%        6    #######
 Petrify                  Tmut/Erth      #.......     100%        4    #####..
 Tornado                  Air            #.........   100%        9    #######
 Summon Hydra             Summ           #.........   100%        7    #######
 Shroud of Golubria       Chrm/Tloc      #.........   73%         2    ###....
 Beastly Appendage        Tmut           #.....       58%         1    ##.....
 Infusion                 Chrm           #...         58%         1    ##.....
 Song of Slaying          Chrm           #.......     73%         2    ###....
 Spectral Weapon          Hex/Chrm       #.......     90%         3    ####...
 Summon Lightning Spire   Summ/Air       #.......     100%        4    #####..
 Summon Mana Viper        Hex/Summ       #.......     100%        5    ######.


Dungeon Overview and Level Annotations

Branches:
Dungeon (10/15)            Temple (0/1) D:7            Lair (6/6) D:9
  Swamp (0/4) Lair:3       Spider (0/4) Lair:4
  Slime: Lair:5-6       Orc: D:9-12

Altars:
Dithmenos
Gozag
Kikubaaqudgha
Sif Muna
Vehumet
Wu Jian
Zin
The Shining One

Shops:
D:8 [*}[

Annotations:
D:7 3 runed doors, hcgyg4s's ghost, novice SpEn
Lair:3 3 runed doors, hcgyg4s's ghost, journeyman SpEn
Lair:5 2 runed doors, Flugkiller's ghost, journeyman OpWn
Lair:6 1 runed door, Htamos's ghost, journeyman DEWz


Innate Abilities, Weirdness & Mutations

You are too large for most types of armour.
You have claws for hands.
Your metabolism is lightning-fast.
You like to eat raw meat.
Your natural rate of healing is unusually fast.
You are covered in fur. (AC +1)
You have very tough skin. (AC +2)
You have a pair of small horns on your head.
Your spells are a little harder to cast, but a little more powerful.


Message History

Your shadow barely misses the nine-headed hydra.
You tear one of the nine-headed hydra's heads off!
The eight-headed hydra grows two more!
You claw the ten-headed hydra!
Your headbutt misses the ten-headed hydra.
The ten-headed hydra is almost dead.
Your shadow hits the ten-headed hydra. The ten-headed hydra bites you.
* * * LOW HITPOINT WARNING * * *
You block the ten-headed hydra's attack.
The ten-headed hydra bites you.
* * * LOW HITPOINT WARNING * * *
The ten-headed hydra bites you!
* * * LOW HITPOINT WARNING * * *
The ten-headed hydra bites you!
* * * LOW HITPOINT WARNING * * *
You block the ten-headed hydra's attack.
The ten-headed hydra bites you!
* * * LOW HITPOINT WARNING * * *
The ten-headed hydra bites you but does no damage.
The ten-headed hydra bites you!
You die...

#♣♣♣## ###8.⌠.8# ##♣....##
PP.....P
####♣♣.......♣########'''##
...........................
...........................
...........................
...........................
...........................
........?.@..............(.
..........D................
...........................
.......P...................
#.#..####.....#.....##..P.#
##.#. ###..##....P.#..P..
### ..# . ......# ..#
##..... #....#


You could see a ten-headed hydra.

Vanquished Creatures
  Snorg (Lair:5)
  Josephine (Lair:4)
  2 hydras
  A centaur warrior (D:10)
  2 two-headed ogres
  Nergalle (Lair:4)
  Pikel (D:7)
  3 elephants
  2 black mambas
  A torpor snail (Lair:3)
  8 spiny frogs
  A rime drake (Lair:3)
  6 komodo dragons
  A polar bear (Lair:4)
  2 jumping spiders (Lair:4)
  10 hippogriffs
  8 blink frogs
  6 redbacks
  A spriggan (D:9)
  11 yaks
  A basilisk (Lair:3)
  3 wraiths (Lair:4)
  Grum (D:7)
  A soldier ant (D:10)
  7 water moccasins
  4 orc warriors
  4 porcupines
  3 sky beasts
  A black bear (D:9)
  A slave (D:7)
  An ice beast (D:9)
  4 ogres
  A hornet zombie (D:8)
  A necrophage (D:5)
  22 wolves
  2 centaurs
  12 crocodiles
  16 bullfrogs
  A gnoll sergeant (D:7)
  5 scorpions
  A wyvern skeleton (D:9)
  4 wights
  4 killer bees
  3 howler monkeys (D:7)
  An electric eel (Lair:2)
  4 crimson imps
  A quasit (D:9)
  5 orc wizards
  A jelly (D:5)
  A bullfrog skeleton (D:6)
  7 hounds
  2 orc priests
  2 centaur skeletons
  5 iguanas
  4 worker ants
  A hound skeleton (D:8)
  Robin (D:2)
  A worker ant zombie (D:6)
  10 adders
  8 gnolls
  A howler monkey skeleton (D:10)
  A river rat (Lair:2)
  A shadow imp (D:5)
  An adder skeleton (D:5)
  A worm (D:5)
  3 dart slugs (D:1)
  3 leopard geckos
  23 orcs
  7 bats
  3 giant cockroaches
  18 goblins
  10 hobgoblins
  10 jackals
  6 quokkas
  A ball python (D:1)
  9 frilled lizards
  A giant cockroach zombie (D:6)
  4 kobolds
  2 rats
331 creatures vanquished.

Vanquished Creatures (others)
  A slave (D:7)
  7 fungi
  4 plants
12 creatures vanquished.

Grand Total: 343 creatures vanquished

Notes
Turn   | Place    | Note
-------+----------+-------------------------------------------
     0 | D:1      | PikkenKukken the Troll Monk began the quest for the Orb.
     0 | D:1      | Reached XP level 1. HP: 22/22 MP: 0/0
    47 | D:1      | Reached XP level 2. HP: 29/29 MP: 1/1
   225 | D:1      | Reached XP level 3. HP: 36/36 MP: 2/2
   627 | D:2      | Noticed Robin
   656 | D:2      | Killed Robin
   656 | D:2      | Reached XP level 4. HP: 44/44 MP: 3/3
   898 | D:2      | Found a radiant altar of Vehumet.
  1410 | D:3      | Reached XP level 5. HP: 28/53 MP: 4/4
  1500 | D:3      | Gained mutation: You are agile. (Dex +2) [potion of mutation]
  1500 | D:3      | Gained mutation: You have sharp toenails. [potion of mutation]
  2073 | D:4      | Reached skill level 4 in Unarmed Combat
  2073 | D:4      | Reached skill level 1 in Evocations
  2109 | D:4      | Found a shadowy altar of Dithmenos.
  2125 | D:4      | Became a worshipper of Dithmenos the Shadowed
  2125 | D:4      | Reached * piety under Dithmenos
  2125 | D:4      | Reached ** piety under Dithmenos
  2193 | D:4      | Reached XP level 6. HP: 61/61 MP: 5/5
  2317 | D:4      | Found a deep blue altar of Sif Muna.
  2424 | D:4      | Found a glowing golden altar of the Shining One.
  2453 | D:5      | Entered Level 5 of the Dungeon
  3003 | D:5      | Reached XP level 7. HP: 62/67 MP: 7/7
  3045 | D:5      | Got an ichor-stained mace
  3046 | D:5      | Identified the cursed +1 mace of Koivyf {protect, Stlth+} (You found it on level 5 of the Dungeon)
  3522 | D:6      | Reached skill level 5 in Unarmed Combat
  3640 | D:6      | Reached XP level 8. HP: 77/77 MP: 8/8
  3729 | D:6      | Reached *** piety under Dithmenos
  3881 | D:6      | Found a glowing silver altar of Zin.
  4097 | D:7      | Noticed Pikel
  4112 | D:7      | Killed Pikel
  4168 | D:7      | Found a staircase to the Ecumenical Temple.
  4304 | D:7      | Reached skill level 5 in Fighting
  4304 | D:7      | Reached skill level 6 in Unarmed Combat
  4307 | D:7      | Reached skill level 5 in Dodging
  4412 | D:7      | Reached XP level 9. HP: 87/87 MP: 10/10
  4482 | D:7      | Found a runed gate.
  4482 | D:7      | Found a runed gate.
  4484 | D:7      | Found a runed gate.
  4489 | D:7      | Noticed hcgyg4s's ghost (novice SpEn)
  5029 | D:7      | Reached skill level 1 in Shields
  5072 | D:8      | Noticed Grum
  5098 | D:7      | Killed Grum
  5453 | D:8      | Reached **** piety under Dithmenos
  5588 | D:8      | Found Nainn's Antique Armour Shop.
  5752 | D:8      | Found Celiw's Assorted Antiques.
  5755 | D:8      | Found Vyehesim's Gadget Emporium.
  5781 | D:8      | Bought a small diamond amulet for 130 gold pieces
  5918 | D:8      | Found Jyess's Armour Shoppe.
  6298 | D:9      | Reached XP level 10. HP: 97/97 MP: 12/12
  6400 | D:9      | Reached skill level 7 in Unarmed Combat
  6488 | D:9      | Found a staircase to the Lair.
  6504 | D:9      | Noticed a two-headed ogre
  6536 | D:9      | Killed a two-headed ogre
  6887 | D:9      | Found an opulent altar of Gozag.
  7139 | D:10     | Entered Level 10 of the Dungeon
  7218 | D:9      | Reached ***** piety under Dithmenos
  7317 | D:10     | Noticed a centaur warrior
  7348 | D:10     | Killed a centaur warrior
  7348 | D:10     | Reached skill level 5 in Evocations
  7483 | D:10     | Found an ancient bone altar of Kikubaaqudgha.
  7548 | D:10     | Noticed a two-headed ogre
  7582 | D:10     | Killed a two-headed ogre
  7776 | D:10     | Reached skill level 5 in Invocations
  7776 | D:10     | Reached XP level 11. HP: 106/106 MP: 12/14
  7920 | Lair:1   | Entered Level 1 of the Lair of Beasts
  8307 | Lair:1   | Reached skill level 8 in Unarmed Combat
  8419 | Lair:1   | Reached XP level 12. HP: 80/114 MP: 15/15
  9366 | Lair:2   | Reached skill level 5 in Stealth
 10072 | Lair:3   | Found a runed gate.
 10072 | Lair:3   | Found a runed gate.
 10072 | Lair:3   | Found a runed gate.
 10686 | Lair:2   | Reached skill level 9 in Unarmed Combat
 10707 | Lair:3   | Found an ornate altar of the Wu Jian Council.
 10741 | Lair:3   | Found a staircase to the Swamp.
 10872 | Lair:3   | Noticed hcgyg4s's ghost (journeyman SpEn)
 11040 | Lair:4   | Noticed a six-headed hydra
 11054 | Lair:4   | Killed a 12-headed hydra
 11160 | Lair:3   | Reached XP level 13. HP: 127/127 MP: 15/17
 11161 | Lair:3   | Reached XP level 14. HP: 135/135 MP: 15/19
 11202 | Lair:4   | Found a hole to the Spider Nest.
 11207 | Lair:4   | Noticed Nergalle
 11248 | Lair:4   | Killed Nergalle
 11314 | Lair:4   | Lost mutation: You are agile. (Dex +2) [potion of mutation]
 11314 | Lair:4   | Lost mutation: You have sharp toenails. [potion of mutation]
 11314 | Lair:4   | Gained mutation: Your flesh is heat resistant. (rF+) [potion of mutation]
 11314 | Lair:4   | Gained mutation: You are agile. (Dex +2) [potion of mutation]
 11314 | Lair:4   | Gained mutation: Your flesh is very heat resistant. (rF++) [potion of mutation]
 11339 | Lair:4   | Lost mutation: Your flesh is very heat resistant. (rF++) [potion of mutation]
 11339 | Lair:4   | Lost mutation: Your flesh is heat resistant. (rF+) [potion of mutation]
 11339 | Lair:4   | Lost mutation: You are agile. (Dex +2) [potion of mutation]
 11339 | Lair:4   | Gained mutation: You have a pair of small horns on your head. [potion of mutation]
 11339 | Lair:4   | Gained mutation: Your spells are a little harder to cast, but a little more powerful. [potion of mutation]
 11663 | Lair:3   | HP: 6/135 [poisoned by a redback]
 11668 | Lair:3   | HP: 5/135 [poisoned by a redback]
 11673 | Lair:3   | HP: 6/135 [poisoned by a redback]
 11794 | Lair:3   | Reached XP level 15. HP: 99/143 MP: 20/20
 11967 | Lair:4   | Noticed Josephine
 12013 | Lair:4   | Killed Josephine
 12449 | Lair:5   | Found a large runed door.
 12449 | Lair:5   | Found a large runed door.
 12449 | Lair:5   | Noticed Flugkiller's ghost (journeyman OpWn)
 12617 | Lair:5   | Reached ****** piety under Dithmenos
 12682 | Lair:5   | Noticed Snorg
 12704 | Lair:5   | Killed Snorg
 13406 | Lair:6   | Entered Level 6 of the Lair of Beasts
 13460 | Lair:6   | Found a runed door.
 13460 | Lair:6   | Noticed Htamos's ghost (journeyman DEWz)
 13524 | Lair:6   | HP: 3/143 [ten-headed hydra (11)]
 13524 | Lair:6   | Mangled by a ten-headed hydra

Vault maps used:
D:1:      grunt_arrival_crossed_arrows
D:2:      vehumet_crystals, uniq_robin
D:3:      first_ration, hangedman_decor_points
D:4:      led_sif_pool, nicolae_dithmenos_shadow_blocks, tso_oasis_becter
D:6:      kennysheep_mini
D:7:      minmay_temple_entry_overgrown, ebering_ghost_rock_garden, uniq_pikel
D:8:      serial_shops, shop, shop, nicolae_shop_waterfront,
          kennysheep_mini_moat, uniq_grum
D:9:      nicolae_overflow_crystal_walls, david_lair_shrubbed, the_bakery,
          corner_web_ring
D:10:     basic_altar
Lair:1:   grunt_megastairs_2
Lair:2:   pond, infiniplex_staircase_pool, grunt_megastairs_4
Lair:3:   swamp_mist_pool, basic_altar, gammafunk_ghost_icy
Lair:4:   nicolae_spider_entry_tight_spaces, hangedman_lair_generics_rect,
          infiniplex_staircase_pool_2, uniq_nergalle, uniq_josephine
Lair:5:   ebering_ghost_disaster_area, uniq_snorg
Lair:6:   due_jungle_book, slime_altar_1, hellmonk_ghost_happy_afterlife,
          serial_bayou_pond_d, bobbens_ice_dragon_lair

Skill      XL: |  1  2  3  4  5  6  7  8  9 10 11 12 13 14 15 |
---------------+----------------------------------------------+-----
Fighting       | 3 4 5 6 7 8 |  8.2
Dodging        | 3 4 5 6 8 |  8.9
Unarmed Combat | 4 5 6 7 8 9 |  9.6
Evocations     | 1 2 3 4 5 6 |  6.3
Stealth        | 2 3 4 6 |  6.5
Shields        | 2 6 7 8 |  8.2
Invocations    | 5 6 8 |  8.8

Action                   |  1- 3 |  4- 6 |  7- 9 | 10-12 | 13-15 || total
-------------------------+-------+-------+-------+-------+-------++-------
Melee: Unarmed           |   117 |   122 |   308 |   417 |   214 ||  1178
       Punch             |     2 |     1 |     5 |       |       ||     8
       Kick              |       |    15 |   120 |   177 |    13 ||   325
       Mace              |       |       |     6 |       |       ||     6
       Headbutt          |       |       |       |       |    46 ||    46
Invok: Shadow Step       |       |       |       |     1 |       ||     1
Evoke: Wand              |       |       |     1 |     4 |    13 ||    18
       Phial of floods   |       |       |       |       |     1 ||     1
  Use: Scroll            |       |    13 |    10 |     8 |     4 ||    35
       Potion            |       |     1 |       |     6 |     4 ||    11
 Stab: Sleeping          |     2 |     7 |    12 |    24 |     3 ||    48
       Distracted        |       |       |       |     1 |     1 ||     2
  Eat: Chunk             |    11 |    19 |    34 |    43 |    20 ||   127
Armor: Robe              |    45 |    24 |    61 |    41 |    31 ||   202
Dodge: Dodged            |    89 |    45 |   162 |   180 |   145 ||   621
Block: Shield            |       |       |   100 |   252 |   180 ||   532

Table legend:
 A = Spawn XP
 B = Non-spawn XP
 C = Spawn XP percentage of total XP
 D = Spawn monster count
 E = Non-spawn monster count
 F = Spawn count percentage of total count
 G = Total turns spent on level
                    A         B        C        D         E        F      G
               +---------+---------+-------+---------+---------+-------+---------
         Total |       0 |   39191 |   0.0 |       0 |     330 |   0.0 | 13524
               +---------+---------+-------+---------+---------+-------+---------
           D:1 |       0 |      59 |   0.0 |       0 |      31 |   0.0 |   552
           D:2 |       0 |      84 |   0.0 |       0 |      30 |   0.0 |   753
           D:3 |       0 |     106 |   0.0 |       0 |       8 |   0.0 |   615
           D:4 |       0 |     181 |   0.0 |       0 |      11 |   0.0 |   533
           D:5 |       0 |     565 |   0.0 |       0 |      20 |   0.0 |   886
           D:6 |       0 |     761 |   0.0 |       0 |      17 |   0.0 |   734
           D:7 |       0 |    1962 |   0.0 |       0 |      23 |   0.0 |  1029
           D:8 |       0 |    1385 |   0.0 |       0 |      29 |   0.0 |  1065
           D:9 |       0 |    3151 |   0.0 |       0 |      32 |   0.0 |  1084
          D:10 |       0 |    2428 |   0.0 |       0 |      10 |   0.0 |   669
        Lair:1 |       0 |    1971 |   0.0 |       0 |      11 |   0.0 |   948
        Lair:2 |       0 |    4459 |   0.0 |       0 |      26 |   0.0 |  1060
        Lair:3 |       0 |    8760 |   0.0 |       0 |      32 |   0.0 |  1482
        Lair:4 |       0 |    8081 |   0.0 |       0 |      26 |   0.0 |   950
        Lair:5 |       0 |    5096 |   0.0 |       0 |      23 |   0.0 |  1053
        Lair:6 |       0 |     142 |   0.0 |       0 |       1 |   0.0 |   111
               +---------+---------+-------+---------+---------+-------+---------
